 Dungeon Crawl Stone Soup version 0.28-a0-1412-gf95308ed99 (webtiles) character file.

Game seed: 6404535541216500045

81375 ryw the Archer (level 15, 0/111 HPs)
             Began as a Demonspawn Hunter on Jan 6, 2022.
             Was the Champion of Hepliaklqana.
             Slain by an orc knight (32 damage)
             ... summoned by a glowing orange brain
             ... on level 1 of the Orcish Mines.
             The game lasted 01:28:26 (32829 turns).

ryw the Archer (Demonspawn Hunter)                 Turns: 32829, Time: 01:28:27

Health: 0/111      AC: 22    Str: 14    XL:     15   Next: 26%
Magic:  14/24      EV: 18    Int: 18    God:    Hepliaklqana [******]
Gold:   1966       SH:  5    Dex: 20    Spells: 14/26 levels left

rFire   . . .      SeeInvis .   b - +5 shortbow (flame)
rCold   . . .      Faith    .   (shield currently unavailable)
rNeg    . . .      Spirit   .   U - quicksilver dragon scales
rPois   .          Reflect  +   e - +0 helmet
rElec   .          Harm     .   (cloak unavailable)
rCorr   .          Rampage  .   (no gloves)
Will    ++...                   O - +1 pair of boots
Stlth   +.........              v - amulet of reflection
HPRegen 0.28/turn               r - +6 ring of dexterity
MPRegen 0.19/turn               K - +4 ring of slaying

@: on fire, sanguine armoured, glowing
A: reduced essence, demonic guardian 1, ignite blood 3, sanguine armour 2,
weakness stinger 3
a: Renounce Religion, Recall Ancestor, Ancestor Identity, Transference, Idealise


You were on level 1 of the Orcish Mines.
You worshipped Hepliaklqana.
Hepliaklqana was exalted by your worship.
You visited 4 branches of the dungeon, and saw 20 of its levels.

You collected 1966 gold pieces.

Inventory:

Hand Weapons
 a - the +7 war axe of Midnight {pain, rElec rPois rN+++ MP-9}
   (You found it on level 6 of the Lair of Beasts)

   In the hands of one skilled in necromantic magic, it inflicts extra damage on
   living creatures.
   rElec:     It insulates you from electricity.
   rPois:     It protects you from poison.
   rN:        It renders you almost immune to negative energy.
   MP:        It affects your magic capacity (-9).
 b - a +5 shortbow of flaming (weapon)
Missiles
 d - 170 arrows (quivered ammo)
 m - 8 throwing nets
 s - 82 poisoned darts
 D - 6 curare-tipped darts
Armour
 e - a +0 helmet (worn)
 O - a +1 pair of boots (worn)
 U - quicksilver dragon scales (worn)
Jewellery
 o - a ring of magical power
 p - a ring of willpower
 r - a +6 ring of dexterity (left hand)
 v - an amulet of reflection (around neck)
 I - a ring of resist corrosion
 K - a +4 ring of slaying (right hand)
 M - an amulet of magic regeneration
Wands
 n - a wand of digging (8)
 q - a wand of acid (25)
 E - a wand of paralysis (3)
 R - a wand of charming (12)
 S - a wand of mindburst (13)
Scrolls
 c - 3 scrolls of teleportation
 g - 3 scrolls of blinking
 l - a scroll of brand weapon
 t - a scroll of summoning
 x - 2 scrolls of fog
 y - a scroll of identify
 J - 2 scrolls of fear
 W - a scroll of magic mapping
 Y - a scroll of amnesia
Potions
 f - 7 potions of might
 h - 3 potions of invisibility
 i - 2 potions of haste
 j - 7 potions of ambrosia
 k - a potion of flight
 w - 8 potions of curing
 z - 3 potions of lignification
 A - 3 potions of magic
 B - 3 potions of heal wounds
 C - 3 potions of resistance
 G - 6 potions of brilliance
 H - 2 potions of cancellation
 Z - a potion of attraction
Miscellaneous
 X - a phial of floods


   Skills:
 + Level 13.4 Fighting
 - Level 1.5 Short Blades
 * Level 4.4 Axes
 - Level 14.0 Bows
 + Level 3.6 Armour
 + Level 12.4 Dodging
 - Level 0.8 Stealth
 + Level 6.0 Spellcasting
 + Level 8.8 Hexes
 - Level 5.0 Summonings
 + Level 0.1 Transmutations
 + Level 0.1 Fire Magic
 + Level 3.4 Poison Magic
 + Level 0.1 Invocations


You had 14 spell levels left.
You knew the following spells:

 Your Spells              Type           Power      Damage    Failure   Level
a - Ignite Poison         Fire/Tmut/Pois 9%         N/A       41%         3
b - Call Canine Familiar  Summ           23%        N/A       9%          3
c - Summon Guardian Gole  Hex/Summ       30%        N/A       4%          3
d - Tukima's Dance        Hex            37%        N/A       1%          3

Your spell library contained the following spells:

 Spells                   Type           Power      Damage    Failure   Level
 Summon Small Mammal      Summ           92%        N/A       3%          1
 Sting                    Tmut/Pois      44%        1d5       12%         1
 Poisonous Vapours        Pois/Air       22%        N/A       19%         2
 Beastly Appendage        Tmut           10%        N/A       22%         1
 Freeze                   Ice            20%        1d4       24%         1
 Sandblast                Erth           10%        2d5       24%         1
 Shock                    Conj/Air       20%        1d4       24%         1
 Scorch                   Fire           12%        2d5       32%         2
 Corpse Rot               Necr/Air       10%        N/A       34%         2
 Passwall                 Tmut/Erth      4%         N/A       34%         2
 Wereblood                Tmut           5%         N/A       34%         2
 Spider Form              Tmut/Pois      11%        N/A       34%         3
 Fulminant Prism          Conj/Hex       10%        3d9       36%         4
 Olgreb's Toxic Radiance  Pois           17%        N/A       52%         4
 Conjure Flame            Conj/Fire      5%         6-21      56%         3
 Frozen Ramparts          Ice            10%        1d3       56%         3
 Stone Arrow              Conj/Erth      10%        3d7       56%         3
 Swiftness                Air            5%         N/A       56%         3
 Animate Armour           Summ/Erth      28%        N/A       63%         4
 Yara's Violent Unravell  Hex/Tmut       10%        3d6       71%         5
 Flame Wave               Conj/Fire      5%         2d4       92%         4
 Sticky Flame             Conj/Fire      5%         2d3       92%         4
 Airstrike                Air            2%         N/A       93%         4
 Hailstorm                Conj/Ice       5%         3d4       93%         4
 Ice Form                 Ice/Tmut       5%         N/A       93%         4
 Iskenderun's Mystic Bla  Conj/Tloc      5%         2d3       93%         4
 Passage of Golubria      Tloc           5%         N/A       93%         4
 Blade Hands              Tmut           2%         N/A       99%         5
 Summon Cactus Giant      Summ           11%        N/A       99%         6
 Lee's Rapid Deconstruct  Erth           2%         3d6*      100%        5
 Iron Shot                Conj/Erth      2%         9d2       100%        6
 Simulacrum               Ice/Necr       2%         N/A       100%        6
 Orb of Destruction       Conj           2%         9d1       100%        7
 Spellforged Servitor     Conj/Summ      7%         N/A       100%        7
 Borgnjor's Revivificati  Necr           2%         N/A       100%        8
 Lehudib's Crystal Spear  Conj/Erth      2%         10d2      100%        8
 Necromutation            Tmut/Necr      2%         N/A       100%        8
 Death's Door             Necr           2%         N/A       100%        9


Dungeon Overview and Level Annotations

Branches:
Dungeon (12/15)            Temple (1/1) D:5            Lair (6/6) D:10
  Snake (0/4) Lair:4       Spider (0/4) Lair:4        Slime (0/5) Lair:5
    Orc (1/2) D:12

Altars:
Ashenzari
Dithmenos
Gozag
Hepliaklqana
Kikubaaqudgha
Makhleb
Sif Muna
Trog
Vehumet
Yredelemnul
Zin
The Shining One
Beogh

Shops:
Orc:1 :

Portals:
Abyss: Orc:1

Annotations:
D:4 3 runed translucent doors, AverageBear's ghost, weakling DDFi
Lair:4 exclusion: 4 oklob plants
Lair:5 1 runed translucent door, flotson's ghost, journeyman DsGl
Orc:1 1 transporter, petzl's ghost, journeyman FoAM


Innate Abilities, Weirdness & Mutations

Your life essence is reduced to manifest your ancestor. (-10% HP)
A weak demonic guardian rushes to your aid.
Your demonic aura causes all spilled blood to erupt in flames.
When seriously injured, your blood forms thick armour. (AC +9)
You have a sharp stinger which inflicts weakening toxins.


Message History

* * * LOW HITPOINT WARNING * * *
A demonic guardian appears!
The orc warrior misses you.
Petzl's ghost gestures at you while chanting.
You resist with almost no effort.
You are too injured to fight recklessly!
Unknown command.
Fire: 172 arrows
Press: ? - help, Q - select action, (/) - cycle Shift-Dir - straight line, f/p - orc warrior
Aim: an orc warrior, wielding a +0 mace and wearing a +0 chain mail (almost dead, summoned, strong, 76% to hit)
You shoot an arrow. The arrow hits the orc warrior!
The arrow burns the orc warrior.
You kill the orc warrior!
The orc warrior's corpse dissolves into shadows!
Unknown command.
Fire: 171 arrows
Press: ? - help, Q - select action, (/) - cycle Shift-Dir - straight line, f - manticore
Aim: a manticore (summoned, ally target, 83% to hit)
You shoot an arrow. The arrow hits the manticore.
The arrow burns the manticore.
The manticore is lightly wounded.
The manticore bites you but does no damage.
The manticore closely misses you. The manticore misses you.
The orc knight closely misses you.
Petzl's ghost sprays you with burning goo.
The sticky flame hits you but does no damage.
You are covered in liquid flames!
Your ice devil hits the manticore but does no damage.
The rakshasa weaves an illusion.
You feel much better.
You are covered in liquid flames!
You carefully extract the barbed spikes from your body.
The manticore bites you.
The manticore claws you but does no damage.
The manticore claws you.
* * * LOW HITPOINT WARNING * * *
The glowing orange brain pulsates.
You easily resist.
Your ice devil resists with almost no effort.
The orc knight hits you from afar with a +2 halberd!!
You die...

#####.## #........#.).....###
.##....########..................
.#....##.........................
..#..##.........................#
..#.[.......###....####..........
..)........##.##..##..####.......
...........#[^4##e#.^...R#.......
...).......###oH###..#####.......
............# o#@§.######....#)..
............###W#(###........#...
..............#G.#.#...........).
..#...........#Rt§##..###........
..#..#.......##o.G#©.##.##.......
............##oO#§##.#...##......
............#.#..#o###...##......
...........##.... #..#..##.......
...........#!...####.##p#©.......


You could see an orc knight (summoned, strong), a rakshasa, a glowing orange
brain, a manticore (summoned, ally target), a deep elf pyromancer, an orc
warrior (summoned, strong), an ogre (summoned), petzl's ghost, an orc (summoned,
strong) and a friendly ice devil (summoned).

Vanquished Creatures
  Snorg (D:11)
  Josephine (Lair:5)
  4 hydras
  Fannar (Lair:3)
  2 boulder beetles (D:12)
  9 death yaks
  4 two-headed ogres
  An orc high priest (Orc:1)
  Sonja (Lair:5)
  Urug (D:12)
  A swamp dragon (Lair:6)
  5 lindwurms
  Pikel (D:7)
  2 deep elf pyromancers (Orc:1)
  An orc sorcerer (Orc:1)
  2 oklob plants (Lair:5)
  2 wolf spiders (Lair:6)
  2 manticores (Lair:4)
  9 elephants
  15 black mambas
  A torpor snail (Lair:3)
  14 cane toads
  A gargoyle (D:10)
  5 rime drakes
  A kobold demonologist (D:11)
  13 komodo dragons
  6 trolls
  2 polar bears (Lair:6)
  2 meliai (Lair:4)
  A burning bush (Lair:4)
  Prince Ribbit (D:5)
  2 slime creatures (D:12)
  2 hornets
  14 blink frogs
  A shadow (D:12)
  47 yaks
  4 wraiths
  7 wyverns
  6 basilisks
  Eustachio (D:4)
  2 steam dragons
  2 redbacks (Lair:4)
  A warg (Orc:1)
  A naga (Lair:4)
  4 acid dragons
  21 water moccasins
  A swamp drake (Lair:6)
  19 orc warriors
  3 black bears
  8 ogres
  2 necrophages
  5 centaurs
  A lemure (D:7)
  2 kobold brigands
  A wyvern zombie (D:6)
  10 bullfrogs
  2 gnoll sergeants
  2 scorpions
  27 killer bees
  8 wights
  An electric eel (Lair:4)
  3 howler monkeys (D:10)
  3 centaur zombies
  2 bullfrog zombies (D:5)
  A gnoll shaman (D:7)
  7 orc priests
  Crazy Yiuf (D:5)
  A centaur skeleton (D:7)
  5 hounds
  4 iguanas
  Jessica (D:2)
  17 orc wizards
  2 hell rats (Lair:4)
  2 hound zombies (D:5)
  A hound skeleton (D:5)
  A howler monkey zombie (D:7)
  7 gnolls
  A howler monkey skeleton (D:5)
  2 adders
  2 ufetubi (D:6)
  An adder zombie (D:5)
  4 worms
  3 dart slugs
  74 orcs
  6 ball pythons
  5 bats
  10 endoplasms
  6 giant cockroaches
  11 goblins
  8 hobgoblins
  2 jackals (D:5)
  12 kobolds
  4 quokkas
  4 frilled lizards
  5 rats
537 creatures vanquished.

Vanquished Creatures (collateral kills)
  An orc warlord (Orc:1)
  A fire dragon (Lair:6)
  Harold (D:9)
  A boulder beetle (D:12)
  A death yak (Lair:4)
  A deep elf knight (Orc:1)
  An orc knight (Orc:1)
  2 lindwurms
  A deep elf zephyrmancer (Orc:1)
  A guardian serpent (Lair:6)
  3 elephants
  2 black mambas
  7 cane toads
  A komodo dragon (Lair:6)
  A queen bee (Lair:4)
  A meliai (Lair:4)
  A hornet (Lair:6)
  2 slime creatures (D:12)
  3 blink frogs
  3 wraiths (Lair:5)
  A shadow (D:12)
  3 wyverns (Lair:6)
  9 yaks
  A steam dragon (Lair:6)
  3 basilisks
  A redback (Lair:6)
  2 acid dragons (Lair:6)
  5 water moccasins
  An orc warrior (Orc:1)
  An ice beast (D:6)
  A sky beast (D:8)
  9 killer bees
  A centaur zombie (D:8)
  A howler monkey (D:9)
  A centaur skeleton (D:7)
  2 orc priests
  3 iguanas
  A hell rat (Lair:4)
  An orc wizard (D:8)
  3 gnolls
  7 orcs
  A bush (Lair:4)
93 creatures vanquished.

Vanquished Creatures (others)
  5 knights
  4 ancestors (D:7)
  A bush (Lair:4)
  27 fungi
  68 plants
105 creatures vanquished.

Grand Total: 735 creatures vanquished

Notes
Turn   | Place    | Note
-------+----------+-------------------------------------------
     0 | D:1      | ryw the Demonspawn Hunter began the quest for the Orb.
     0 | D:1      | Reached XP level 1. HP: 16/16 MP: 1/1
   188 | D:1      | Found a faded altar of an unknown god.
   365 | D:1      | Reached skill level 4 in Bows
   478 | D:1      | Gained mutation: You have a small tail. [demonic ancestry]
   478 | D:1      | Reached XP level 2. HP: 12/22 MP: 2/2
  1195 | D:1      | Reached XP level 3. HP: 14/27 MP: 3/3
  1683 | D:2      | Reached skill level 1 in Short Blades
  2602 | D:2      | Noticed Jessica
  2616 | D:2      | Killed Jessica
  2617 | D:2      | Reached skill level 1 in Armour
  2617 | D:2      | Gained mutation: You have a tail ending in a sharp stinger.
                  | [demonic ancestry]
  2617 | D:2      | Reached XP level 4. HP: 19/33 MP: 4/4
  3295 | D:3      | Found a broken altar of Ashenzari.
  4114 | D:4      | Gained mutation: Your demonic aura sometimes causes spilled
                  | blood to erupt in flames. [demonic ancestry]
  4114 | D:4      | Reached XP level 5. HP: 26/39 MP: 5/5
  4773 | D:4      | Found a runed translucent gate.
  4773 | D:4      | Noticed a water moccasin
  4774 | D:4      | Found a runed translucent gate.
  4774 | D:4      | Found an opulent altar of Gozag.
  4774 | D:4      | Found a runed translucent gate.
  4774 | D:4      | Noticed a centaur
  4775 | D:4      | Noticed a centaur
  4775 | D:4      | Noticed AverageBear's ghost (weakling DDFi)
  4804 | D:4      | Reached skill level 5 in Bows
  5173 | D:4      | Noticed Eustachio
  5207 | D:4      | Reached skill level 1 in Axes
  5266 | D:4      | Noticed an ogre
  5273 | D:4      | Killed Eustachio
  5274 | D:4      | Gained mutation: You have a sharp stinger which inflicts
                  | weakening toxins. [demonic ancestry]
  5274 | D:4      | Reached XP level 6. HP: 34/47 MP: 6/6
  5888 | D:4      | Reached XP level 7. HP: 51/52 MP: 7/7
  6392 | D:5      | Entered Level 5 of the Dungeon
  6522 | D:5      | Found a staircase to the Ecumenical Temple.
  6538 | Temple   | Entered the Ecumenical Temple
  6583 | Temple   | Became a worshipper of Hepliaklqana the Forgotten
  6638 | D:5      | Found a runed translucent door.
  6639 | D:5      | Noticed Crazy Yiuf
  6756 | D:5      | Reached skill level 6 in Bows
  7370 | D:4      | HP: 1/54 [orc priest/nerve-wracking pain (13)]
  7757 | D:5      | Noticed Prince Ribbit
  7761 | D:5      | Killed Prince Ribbit
  7762 | D:5      | Reached XP level 8. HP: 36/60 MP: 8/8
  8294 | D:5      | Reached skill level 7 in Bows
  8820 | D:5      | Killed Crazy Yiuf
  8821 | D:5      | Reached skill level 5 in Fighting
  9062 | D:6      | HP: 1/62 [wyvern zombie (10)]
  9597 | D:6      | Reached * piety under Hepliaklqana
  9995 | D:7      | Reached skill level 8 in Bows
 10020 | D:7      | Reached skill level 5 in Dodging
 10057 | D:7      | Gained mutation: Your demonic aura often causes spilled
                  | blood to erupt in flames. [demonic ancestry]
 10057 | D:7      | Reached XP level 9. HP: 61/61 MP: 9/9
 10862 | D:7      | Noticed Pikel
 10988 | D:7      | Found a basalt altar of Yredelemnul.
 11003 | D:7      | Killed Pikel
 11004 | D:7      | Reached skill level 9 in Bows
 11766 | D:8      | Reached ** piety under Hepliaklqana
 11772 | D:8      | Remembered your ancestor Edwyna as a knight
 12042 | D:9      | Gained mutation: When seriously injured, your blood forms
                  | armour. (AC +9) [demonic ancestry]
 12042 | D:9      | Reached XP level 10. HP: 63/69 MP: 10/10
 12421 | D:9      | Reached skill level 10 in Bows
 12478 | D:9      | Noticed Harold
 12490 | D:9      | Killed Harold
 12692 | D:9      | Found an ancient bone altar of Kikubaaqudgha.
 12698 | D:9      | Found a burning altar of Makhleb.
 12786 | D:10     | Entered Level 10 of the Dungeon
 13069 | D:10     | Reached skill level 11 in Bows
 13131 | D:10     | Noticed a gargoyle
 13133 | D:10     | Killed a gargoyle
 13242 | D:10     | Noticed a two-headed ogre
 13242 | D:10     | Noticed a two-headed ogre
 13249 | D:10     | Killed a two-headed ogre
 13250 | D:10     | Gained mutation: Your demonic aura causes all spilled blood
                  | to erupt in flames. [demonic ancestry]
 13250 | D:10     | Reached XP level 11. HP: 78/78 MP: 11/11
 13324 | D:10     | Killed a two-headed ogre
 13892 | D:10     | Noticed a death yak
 13892 | D:10     | Noticed a death yak
 13899 | D:10     | Noticed a death yak
 13902 | D:10     | Killed a death yak
 13902 | D:10     | Noticed a death yak
 13905 | D:10     | Noticed a death yak
 13906 | D:10     | Noticed a death yak
 13910 | D:10     | Killed a death yak
 13911 | D:10     | Reached skill level 12 in Bows
 13913 | D:10     | Killed a death yak
 13922 | D:10     | Killed a death yak
 13924 | D:10     | Killed a death yak
 13925 | D:10     | Killed a death yak
 14066 | D:10     | Found a staircase to the Lair.
 14410 | Lair:1   | Entered Level 1 of the Lair of Beasts
 14578 | Lair:1   | Noticed a seven-headed hydra
 14591 | Lair:1   | Killed a seven-headed hydra
 14830 | Lair:1   | Reached skill level 13 in Bows
 14845 | Lair:1   | Learned a level 1 spell: Summon Small Mammal
 14850 | Lair:1   | Reached *** piety under Hepliaklqana
 14867 | Lair:1   | Noticed an eight-headed hydra
 14881 | Lair:1   | Killed an eight-headed hydra
 14882 | Lair:1   | Reached skill level 1 in Summonings
 14882 | Lair:1   | Reached XP level 12. HP: 87/87 MP: 12/12
 14963 | Lair:1   | Reached skill level 1 in Spellcasting
 15012 | Lair:1   | Found a bloodstained altar of Trog.
 15241 | Lair:1   | Reached skill level 10 in Fighting
 15417 | Lair:1   | Learned a level 3 spell: Call Canine Familiar
 15592 | Lair:1   | Learned a level 3 spell: Summon Guardian Golem
 15990 | Lair:2   | Reached skill level 5 in Summonings
 16318 | Lair:2   | Reached **** piety under Hepliaklqana
 16323 | Lair:2   | Learned a level 3 spell: Tukima's Dance
 16645 | Lair:3   | Reached skill level 1 in Hexes
 16854 | Lair:3   | Noticed Fannar
 16960 | Lair:3   | Killed Fannar
 17723 | Lair:3   | Reached XP level 13. HP: 94/94 MP: 18/18
 17726 | Lair:3   | Reached skill level 10 in Dodging
 19383 | Lair:4   | Found a staircase to the Snake Pit.
 19514 | Lair:4   | Reached skill level 14 in Bows
 21265 | Lair:4   | Reached skill level 5 in Spellcasting
 21542 | Lair:4   | Reached skill level 5 in Hexes
 22090 | Lair:4   | You fall into a shaft and drop 2 floors!
 22090 | Lair:6   | Entered Level 6 of the Lair of Beasts
 22260 | Lair:5   | Noticed Sonja
 22268 | Lair:5   | Killed Sonja
 22318 | Lair:5   | Noticed Josephine
 22328 | Lair:5   | Killed Josephine
 22625 | Lair:5   | Found a runed translucent door.
 22627 | Lair:5   | Noticed flotson's ghost (journeyman DsGl)
 22918 | Lair:4   | Reached ***** piety under Hepliaklqana
 22985 | Lair:4   | Found a hole to the Spider Nest.
 23132 | Lair:4   | Gained mutation: A weak demonic guardian rushes to your
                  | aid. [demonic ancestry]
 23132 | Lair:4   | Reached XP level 14. HP: 103/103 MP: 21/21
 24529 | Lair:5   | Found a staircase to the Slime Pits.
 26916 | Lair:6   | Identified the +7 war axe of Midnight {pain, rElec rPois
                  | rN+++ MP-9}
 27359 | Lair:6   | Learned a level 3 spell: Ignite Poison
 27761 | Lair:6   | Reached skill level 1 in Poison Magic
 29446 | D:11     | Noticed Snorg
 29451 | D:11     | Killed Snorg
 30098 | D:12     | Found a staircase to the Orcish Mines.
 30636 | D:12     | Noticed Urug
 30642 | D:12     | Killed Urug
 31032 | D:12     | Gained mutation: When seriously injured, your blood forms
                  | thick armour. (AC +9) [demonic ancestry]
 31032 | D:12     | Reached XP level 15. HP: 111/111 MP: 23/23
 31836 | Orc:1    | Entered Level 1 of the Orcish Mines
 31935 | Orc:1    | Noticed petzl's ghost (journeyman FoAM)
 31936 | Orc:1    | Found a one-way gate to the infinite horrors of the Abyss.
 31983 | Orc:1    | Noticed an orc warlord
 32176 | Orc:1    | Killed an orc warlord
 32259 | Orc:1    | Found a transporter.
 32266 | Orc:1    | Found a transporter.
 32383 | Orc:1    | Reached ****** piety under Hepliaklqana
 32414 | Orc:1    | Found Voduar's Book Boutique.
 32829 | Orc:1    | Slain by an orc knight

Illustrated notes

Levels and vault maps discovered:
D:1:      minmay_arrival_plants_in_alcoves, layout_basic,
          ebering_ecumenical_altar_petrified, moated_statue, skrybe_limestone_x
D:2:      layout_basic, kennysheep_jessica_study
D:3:      layout_loops_cross, cheibrodos_ashenzari_chains, zin_scriptorium
D:4:      layout_layer_cave, ebering_ghost_gozag, minmay_between, uniq_eustachio
D:5:      layout_gridville, minmay_temple_entry_junction, minivault_23,
          minivault_19, uniq_crazy_yiuf_cottage, uniq_prince_ribbit1
D:6:      layout_rooms, lightli_orcish_oven
D:7:      layout_basic, kennysheep_mini, uniq_pikel
D:8:      layout_rooms
D:9:      layout_basic, grunt_temple_overflow_open, enter_bailey_3, uniq_harold
D:10:     layout_irregular_city, dpeg_lair_monsters, grunt_ministairs_1,
          grunt_decor_mini_mirrors
D:11:     layout_stronghold, uniq_snorg
D:12:     layout_long_grid, orc_0_dummy, special_room [special_room_orc],
          uniq_urug
Temple:   minmay_crystal_spiral_temple
Lair:1:   layout_long_grid, basic_altar, lemuel_fruit_tree,
          infiniplex_staircase_pool
Lair:2:   layout_regular_city
Lair:3:   layout_cave_pods, minmay_lindwurm_lava, grunt_megastairs_2,
          uniq_fannar
Lair:4:   hangedman_what_comes_after_a, layout_regular_city,
          guppyfry_snake_entry_island, spider_nest_entry_webs, serial_bayou,
          serial_bayou_pond_a, serial_bayou_pond_a, serial_bayou_shore_a,
          serial_bayou_shore_b, evilmike_ambush [evilmike_ambush_outer_corners,
          evilmike_ambush_inner_basic]
Lair:5:   layout_cave_pods, minmay_slime_entry_oklob_enclosed,
          gammafunk_ghost_grave, lemuel_fruit_fields, uniq_sonja, uniq_josephine
Lair:6:   guppyfry_lair_end_dragon, layout_hall_layers,
          hangedman_lair_tendril_chambers, st_stairs_4
Orc:1:    layout_caves, gammafunk_ghost_abyssal_escape, serial_shops, shop,
          elf_legates

Skill      XL: |  1  2  3  4  5  6  7  8  9 10 11 12 13 14 15 |
---------------+----------------------------------------------+-----
Bows           | 4 5 6 8 9 11 13 14 | 14.0
Short Blades   | 1 |  1.5
Armour         | 1 3 |  3.6
Dodging        | 2 3 5 6 7 9 11 12 | 12.4
Axes           | 1 2 3 4 |  4.4
Fighting       | 3 4 5 6 8 9 10 12 13 | 13.4
Summonings     | 1 5 |  5.0
Spellcasting   | 3 5 6 |  6.0
Hexes          | 2 6 8 |  8.8
Poison Magic   | 2 3 |  3.4
Stealth        | |  0.8
Transmutations | |  0.1
Fire Magic     | |  0.1
Invocations    | |  0.1

Action                   |  1- 3 |  4- 6 |  7- 9 | 10-12 | 13-15 || total
-------------------------+-------+-------+-------+-------+-------++-------
Melee: Short sword       |   167 |    50 |       |       |       ||   217
       Tailslap          |    25 |    13 |    35 |     7 |    58 ||   138
       Hand axe          |       |    48 |   181 |    31 |   151 ||   411
       Punch             |       |     3 |     2 |     1 |     2 ||     8
       War axe           |       |       |       |       |    98 ||    98
 Fire: Shortbow          |     9 |    32 |   116 |   439 |   637 ||  1233
 Cast: Call Canine Famil |       |       |       |     4 |    16 ||    20
       Summon Guardian G |       |       |       |       |     2 ||     2
       Summon Small Mamm |       |       |       |       |     1 ||     1
       Tukima's Dance    |       |       |       |       |     1 ||     1
Invok: Ancestor Identity |       |       |     1 |       |       ||     1
       Ancestor Life: Kn |       |       |     1 |       |       ||     1
       Recall Ancestor   |       |       |       |     1 |     8 ||     9
Evoke: Wand              |       |       |       |       |     1 ||     1
  Use: Scroll            |     4 |     2 |     4 |     9 |    15 ||    34
       Potion            |       |       |     2 |       |     7 ||     9
 Stab: Sleeping          |       |     3 |     1 |     1 |       ||     5
       Distracted        |       |       |     1 |       |     1 ||     2
Armor: Leather armour    |    43 |    19 |    65 |    10 |    70 ||   207
       Quicksilver drago |       |       |       |       |    53 ||    53
Dodge: Dodged            |    96 |    62 |   205 |    58 |   501 ||   922
Block: Other             |       |       |       |       |    11 ||    11
       Reflection        |       |       |       |       |     1 ||     1

Table legend: (Time is in decaauts)
 A = Elapsed time spent in this place.
 B = Non-inter-level travel time spent in this place.
 C = Inter-level travel time spent in this place.
 D = Time resting spent in this place.
 E = Time spent auto-exploring this place.
 F = Levels seen in this place.
 G = Mean time per level.
                   A        B        C        D        E       F      G
               +--------+--------+--------+--------+--------+-----+--------+
         Total |  32618 |  31413 |   1205 |   7658 |  18617 |  20 | 1630.9 |
       Dungeon |  17351 |  16637 |    714 |   3500 |  10406 |  12 | 1445.9 |
        Temple |     76 |     46 |     30 |      0 |     37 |   1 |   76.0 |
          Lair |  14371 |  13918 |    453 |   4147 |   7618 |   6 | 2395.2 |
  Orcish Mines |    818 |    810 |      8 |     11 |    555 |   1 |  818.0 |
               +--------+--------+--------+--------+--------+-----+--------+

Top non-repeatable levels by time:
  Lair:3: 3917 daAuts
  Lair:6: 2993 daAuts
     D:4: 2924 daAuts
  Lair:5: 2729 daAuts
  Lair:4: 2294 daAuts
     D:1: 1895 daAuts
    D:12: 1841 daAuts
     D:5: 1777 daAuts
    D:10: 1490 daAuts
     D:6: 1366 daAuts
     D:3: 1294 daAuts
  Lair:2: 1259 daAuts
  Lair:1: 1177 daAuts
    D:11: 1157 daAuts
     D:2: 1114 daAuts
